AoeStats
← y.尊 尊

Nomad

510344783Analyzed
2v2 RM · 8h ago on Sep 30, 2026· 56m 40s· 4 players
Game mode
Random Map
Map size
176×176
Population
200
Speed
Normal
Resources
Standard
Victory
Conquest
Starting age
Dark Age
Ending age
Imperial Age
RankedLock teamsTeams togetherTeam positionsShared explorationLock speedFull tech treeHidden civsTurbo modeCheats
Victory
Defeat
🇨🇴 Persians · Colombia
1012
+14
🇨🇴 Britons · Colombia
947
+16
🇨🇳 Magyars · China
969
-15
🇦🇿 Cumans · Azerbaijan
946
-15
Vladika_astadb
10:17 Loom
15:06 Feudal Age
20:39 Castle Age
20:18 Stone Mining
24:32 Wheelbarrow
23:44 Town Watch
24:45 Forging
24:41 Scale Barding Armor
25:32 Bloodlines
26:02 Iron Casting
25:22 Gold Mining
33:49 Chain Barding Armor
36:17 Capped Ram
39:33 Imperial Age
39:13 Capped Ram
39:47 Elite Steppe Lancer
y.尊 尊
9:02 Loom
14:43 Feudal Age
16:16 Wheelbarrow
17:12 Double-Bit Axe
19:03 Stone Mining
23:08 Castle Age
21:22 Gold Mining
21:19 Horse Collar
24:56 Gold Shaft Mining
25:19 Bow Saw
26:06 Scale Barding Armor
26:19 Fletching
27:50 Corvinian Army
34:53 Hand Cart
41:50 Imperial Age
41:54 Bodkin Arrow
42:22 Ballistics
41:43 Treadmill Crane
43:10 Chain Barding Armor
42:57 Town Watch
43:06 Heated Shot
43:28 Masonry
44:19 Chemistry
44:17 Conscription
43:19 Elite Magyar Huszar
44:52 Husbandry
45:02 Bloodlines
47:39 Plate Barding Armor
47:05 Padded Archer Armor
47:34 Thumb Ring
47:55 Parthian Tactics
46:51 Elite Skirmisher
50:24 Bracer
50:39 Leather Archer Armor
55:54 Pikeman
56:20 Arson
FELIPE41
3:01 Loom
13:18 Feudal Age
16:02 Double-Bit Axe
20:46 Castle Age
20:58 Castle Age
19:13 Forging
19:09 Stone Mining
19:17 Horse Collar
20:30 Wheelbarrow
20:00 Gold Mining
21:20 Fletching
21:32 Padded Archer Armor
22:29 Bodkin Arrow
23:13 Gold Shaft Mining
22:50 Crossbowman
22:59 Crossbowman
24:22 Bow Saw
24:37 Town Watch
26:29 Leather Archer Armor
27:19 Hand Cart
32:17 Pikeman
32:57 Squires
35:52 Imperial Age
36:57 Imperial Age
35:29 Forging
35:19 Scale Mail Armor
38:47 Chemistry
38:08 Ballistics
42:07 Elite Longbowman
45:26 Treadmill Crane
45:40 Halberdier
47:28 Chain Mail Armor
47:49 Iron Casting
GPRK | LORD JOHFRE
5:05 Loom
15:28 Feudal Age
16:01 Double-Bit Axe
16:31 Gold Mining
17:10 Bloodlines
19:12 Wheelbarrow
23:03 Castle Age
23:48 Medium Warships
23:51 Husbandry
24:07 Fishing Lines
27:31 Forging
27:26 Scale Barding Armor
29:25 Iron Casting
30:18 Chain Barding Armor
32:24 Kamandaran
32:40 Bow Saw
32:20 Pikeman
34:11 Gillnets
34:11 Horse Collar
41:12 Imperial Age
42:34 Cavalier
45:15 Blast Furnace
44:50 Plate Barding Armor
47:14 Savar
50:18 Gold Shaft Mining
50:58 Heavy Plow
52:01 Two-Man Saw
52:56 Elite War Elephant
53:39 Light Cavalry
55:38 Hussar
Connection lost

Rejoining the realm…

Still unreachable

The connection could not be restored.

Session expired

The server has moved on; the page needs a fresh start.